 Dungeon Crawl Stone Soup version 0.28-a0-863-g8cecda6153 (webtiles) character file.

Game seed: 16270164263052028138

169683 Peloso the Peltast (level 17, -4/161 HPs)
             Began as a Minotaur Fighter on Nov 17, 2021.
             Was the Champion of Okawaru.
             Slain by an Executioner (10 damage)
             ... on level 3 of the Abyss on Nov 18, 2021.
             The game lasted 01:48:17 (41037 turns).

Peloso the Peltast (Minotaur Fighter)              Turns: 41037, Time: 01:48:17

Health: -4/161     AC: 29    Str: 37    XL:     17   Next: 36%
Magic:  18/18      EV:  9    Int:  5    God:    Okawaru [******]
Gold:   932        SH: 21    Dex: 13    Spells: 16/16 levels left

rFire   + . .      SeeInvis +   x - +4 demon blade (flame)
rCold   + + .      Faith    .   c - +0 tower shield "Jid Pipu" {rPois rC+ Str+3}
rNeg    + . .      Spirit   .   f - +1 gold dragon scales
rPois   +          Reflect  .   M - +0 hat of the King of the Hill {Str+2 Slay+2}
rElec   .          Harm     .   (no cloak)
rCorr   .          Rampage  .   F - +0 pair of gloves of the Slimy Hot Ocelot {Str+2}
Will    +....                   (no boots)
Stlth   ..........              g - amulet "Qops" {RegenMP rN+ Str+3}
HPRegen 0.36/turn               t - +4 ring of protection
MPRegen 0.41/turn               J - ring "Ovoanup" {rPois Str+2 SInv}

@: lethally poisoned (-4 -> -31)
A: horns 2, retaliatory headbutt
a: Renounce Religion, Heroism, Finesse, Duel


You were on level 3 of the Abyss.
You worshipped Okawaru.
Okawaru was exalted by your worship.
You visited 5 branches of the dungeon, and saw 27 of its levels.
You visited the Abyss 2 times.
You also visited: Trove, Gauntlet and Ice Cave.

You collected 3284 gold pieces.
You spent 2352 gold pieces at shops.

Inventory:

Hand Weapons
 b - a +2 antimagic demon blade
 l - the +4 short sword of the Four Friends {vorpal, Drain rElec Dex+4}
   (You found it on level 2 of the Elven Halls)

   It inflicts extra damage upon your enemies.
   Dex:       It affects your dexterity (+4).
   rElec:     It insulates you from electricity.
   Drain:     It drains your maximum health when unequipped.
 x - a +4 demon blade of flaming (weapon)
Armour
 c - the +0 tower shield "Jid Pipu" (worn) {rPois rC+ Str+3}
   (Okawaru gifted it to you on level 1 of the Orcish Mines)

   Str:       It affects your strength (+3).
   rC:        It protects you from cold.
   rPois:     It protects you from poison.
 f - +1 gold dragon scales (worn)
 m - a +1 cloak of poison resistance
 F - the +0 pair of gloves of the Slimy Hot Ocelot (worn) {Str+2}
   (You found it on level 8 of the Dungeon)

   Str:       It affects your strength (+2).
 M - the +0 hat of the King of the Hill (worn) {Str+2 Slay+2}
   (Okawaru gifted it to you on level 9 of the Dungeon)

   Str:       It affects your strength (+2).
   Slay:      It affects your accuracy & damage with ranged weapons and melee
   (+2).
Jewellery
 g - the amulet "Qops" (around neck) {RegenMP rN+ Str+3}
   (You bought it in a shop on level 2 of the Orcish Mines)

   [amulet of magic regeneration]

   It increases your rate of magic regeneration.
   Str:       It affects your strength (+3).
   rN:        It protects you from negative energy.
 i - a ring of protection from cold
 t - a +4 ring of protection (left hand)
 J - the ring "Ovoanup" (right hand) {rPois Str+2 SInv}
   (You found it on level 9 of the Dungeon)

   [ring of see invisible]

   Str:       It affects your strength (+2).
   rPois:     It protects you from poison.
   SInv:      It lets you see invisible.
 N - a ring of flight
Wands
 k - a wand of iceblast (42)
 L - a wand of digging (3)
Scrolls
 e - a scroll of amnesia
 h - 7 scrolls of identify
 j - 7 scrolls of magic mapping
 n - 5 scrolls of blinking
 p - 5 scrolls of immolation
 q - 2 scrolls of noise
 A - a scroll of acquirement
 C - 12 scrolls of teleportation
Potions
 a - a potion of ambrosia
 d - 5 potions of might
 u - a potion of heal wounds
 z - 2 potions of mutation
 D - 3 potions of flight
 G - 7 potions of haste
 P - 7 potions of curing
 U - a potion of berserk rage


   Skills:
 + Level 17.3 Fighting
 + Level 18.8 Long Blades
 + Level 19.1 Armour
 + Level 4.6 Dodging
 + Level 2.8 Stealth
 + Level 20.1 Shields
 + Level 3.0 Invocations
 + Level 1.7 Evocations


You had 16 spell levels left.
You didn't know any spells.
Your spell library contained the following spells:

 Spells                   Type           Power      Damage    Failure   Level
 Beastly Appendage        Tmut           0%         N/A       100%        1
 Freeze                   Ice            0%         1d3       100%        1
 Pain                     Necr           0%         1d4       100%        1
 Sandblast                Erth           0%         2d4       100%        1
 Sting                    Tmut/Pois      0%         1d3       100%        1
 Passwall                 Tmut/Erth      0%         N/A       100%        2
 Poisonous Vapours        Pois/Air       0%         N/A       100%        2
 Wereblood                Tmut           0%         N/A       100%        2
 Dazzling Flash           Conj/Hex       0%         N/A       100%        3
 Frozen Ramparts          Ice            0%         1d2       100%        3
 Spider Form              Tmut/Pois      0%         N/A       100%        3
 Stone Arrow              Conj/Erth      0%         3d7       100%        3
 Vampiric Draining        Necr           0%         2d6       100%        3
 Cause Fear               Hex            0%         N/A       100%        4
 Hailstorm                Conj/Ice       0%         3d3       100%        4
 Ice Form                 Ice/Tmut       0%         N/A       100%        4
 Iskenderun's Mystic Bla  Conj/Tloc      0%         2d3       100%        4
 Olgreb's Toxic Radiance  Pois           0%         N/A       100%        4
 Conjure Ball Lightning   Conj/Air       0%         3x3d6     100%        6
 Starburst                Conj/Fire      0%         6d3       100%        6
 Dragon Form              Tmut           0%         N/A       100%        7
 Animate Skeleton         Necr           Unusable   N/A       N/A         1
 Summon Ice Beast         Ice/Summ       Unusable   N/A       N/A         4
 Dragon's Call            Summ           Unusable   N/A       N/A         9

Dungeon Overview and Level Annotations

Branches:
Dungeon (15/15)            Temple (1/1) D:5            Lair (6/6) D:9
 Shoals (0/4) Lair:2       Spider (0/4) Lair:4        Slime (0/5) Lair:6
    Orc (2/2) D:10            Elf (3/3) Orc:2        Vaults (0/5) D:13
 Depths (0/4) D:15          IceCv (visited)         Gauntlet (visited)

Altars:
Ashenzari
Cheibriados
Dithmenos
Elyvilon
Fedhas
Gozag
Hepliaklqana
Kikubaaqudgha
Makhleb
Nemelex Xobeh
Okawaru
Qazlal
Ru
Sif Muna
Trog
Uskayaw
Vehumet
Wu Jian
Xom
Yredelemnul
Zin
The Shining One
Jiyva

Shops:
D:8 *   D:13 !   D:15 :   Orc:2 ==?   Elf:1 (

Annotations:
D:7 3 runed translucent doors, Peloso's ghost, amateur MiFi
Elf:2 5 runed translucent doors


Innate Abilities, Weirdness & Mutations

You have a pair of horns on your head.
You reflexively headbutt those who attack you in melee.


Message History

Unknown command.
The death drake hisses angrily.
You hit the small abomination. You burn the small abomination.
The small abomination is lightly damaged.
The Executioner hits you!
* * * LOW HITPOINT WARNING * * *
You block the Executioner's attack. x2
Unknown command.
You barely miss the small abomination. You headbutt the small abomination!
The small abomination is severely damaged.
You block the Executioner's attack. The Executioner hits you.
* * * LOW HITPOINT WARNING * * *
The Executioner hits you but does no damage.
The Executioner hits you!
* * * LOW HITPOINT WARNING * * *
You block the Executioner's attack.
The Executioner hits you but does no damage.
The death drake breathes miasma at you.
The foul vapour engulfs the Executioner but does no damage.
The Executioner completely resists.
You block the small abomination's attack.
You feel much better.
You are engulfed in dark miasma.
* * * LOW HITPOINT WARNING * * *
You block the Executioner's attack. x2
The Executioner hits you but does no damage.
The Executioner hits you.
* * * LOW HITPOINT WARNING * * *
You block the Executioner's attack.
The Executioner hits you but does no damage.
The Executioner hits you!
* * * LOW HITPOINT WARNING * * *
You block the Executioner's attack.
The Executioner hits you but does no damage.
The small abomination hits you but does no damage.
You feel much better.
You are engulfed in dark miasma.
You are lethally poisoned!
* * * LOW HITPOINT WARNING * * *
x2 You feel extremely sick.
The Executioner hits you!
You die...

# ##| ##... .
. ..## ### .
...#.#k°## .
. #
....#.#1°# #.
# # . #@# ##
. #°°#x#..# .
#. #
...°#.#°°.###
#. .# #....#.
##... # #.. .
#.....
#...### . ##.
##...# # .. #
#§ # # ##. .
### . # .. .
.).# # ## #.
. ### # .. .


You could see a death drake (catching breath), an Executioner (fast) and a small
abomination.

Vanquished Creatures
  2 deep elf blademasters
  A deep elf master archer (Elf:3)
  Kirke (D:14)
  5 deep elf sorcerers
  A frost giant (IceCv)
  An angel (Abyss:3)
  4 deep elf elementalists
  5 very ugly things
  3 deep elf demonologists
  A lorocyproca (Abyss:3)
  3 deep elf annihilators
  A minotaur (Gauntlet)
  Snorg (D:12)
  A blizzard demon (Abyss:3)
  A yaktaur captain (D:13)
  A rakshasa (Abyss:2)
  5 boulder beetles
  A naga warrior (Abyss:3)
  4 catoblepae
  A deep elf high priest (Elf:3)
  7 hydras
  10 two-headed ogres
  An ogre mage (D:15)
  3 death scarabs (Gauntlet)
  9 dancing weapons
  2 centaur warriors
  2 tengu warriors (D:13)
  Urug (D:10)
  An orc high priest (Elf:2)
  5 large abominations
  17 death yaks
  7 deep elf knights
  A spectral death yak (Gauntlet)
  8 hell knights (Abyss:2)
  A spectral catoblepas (Gauntlet)
  Sonja (D:11)
  Nergalle (Orc:1)
  A shadow wraith (Abyss:3)
  A glowing orange brain (D:15)
  3 skeletal warriors (D:14)
  A wizard (D:14)
  4 orc knights
  A mana viper (shapeshifter) (Abyss:3)
  12 deep elf pyromancers
  6 deep elf archers
  A wolf spider (Lair:4)
  An orb spider (shapeshifter) (D:14)
  15 deep elf zephyrmancers
  14 ugly things
  6 manticores
  A salamander (shapeshifter) (Elf:1)
  2 worldbinders (Abyss:2)
  2 black mambas
  A guardian serpent (Abyss:3)
  4 cyclopes
  An elephant (shapeshifter) (D:15)
  27 elephants
  An ice statue (IceCv)
  A merfolk siren (Lair:2)
  4 cane toads
  A torpor snail (Lair:2)
  2 gargoyles
  2 yaktaurs (D:13)
  A minotaur zombie (Gauntlet)
  2 unseen horrors (D:12)
  A kobold demonologist (D:12)
  8 rime drakes
  A freezing wraith (D:15)
  18 komodo dragons
  2 ancient zymes
  10 polar bears
  9 trolls
  19 slime creatures
  3 meliai (D:15)
  A jumping spider (Lair:4)
  2 hornets
  6 blink frogs
  A harpy skeleton (Abyss:2)
  Prince Ribbit (D:9)
  The ghost of Ijustatesigmund the Skirmisher, an amateur GrWn (D:4)
  3 air elementals (Elf:1)
  A centaur simulacrum (D:15)
  85 yaks
  4 wraiths
  2 redbacks (Lair:4)
  5 wyverns
  A human (D:14)
  A ynoxinul (Abyss:2)
  2 hogs (D:14)
  4 basilisks
  A fire elemental (Elf:1)
  8 vampire mosquitoes
  A steam dragon (D:8)
  3 wargs
  3 nagas (Abyss:3)
  2 swamp worms (Gauntlet)
  Edmund (D:5)
  A spectral cane toad (Gauntlet)
  3 acid dragons
  14 water moccasins
  9 small abominations
  32 orc warriors
  A sky beast (D:6)
  A black bear (D:7)
  4 boggarts (D:14)
  2 necrophages
  7 ogres
  24 wolves
  9 centaurs
  A kobold brigand (D:8)
  10 bullfrogs
  3 scorpions
  A gnoll sergeant (D:9)
  A water moccasin zombie (D:7)
  5 killer bees (D:8)
  11 wights
  3 howler monkeys
  An electric eel (Lair:6)
  5 centaur zombies
  A jelly (D:7)
  A quasit (Abyss:3)
  A lava snake (Orc:1)
  2 centaur skeletons
  A hound (D:4)
  10 orc priests
  A bullfrog skeleton (D:6)
  6 iguanas
  25 orc wizards
  7 hell rats (Lair:2)
  2 killer bee zombies (D:9)
  A hound zombie (D:4)
  A howler monkey zombie (D:6)
  2 howler monkey skeletons (D:7)
  6 adders
  16 gnolls
  4 worms
  A dart slug (D:1)
  58 orcs
  3 endoplasms
  2 giant cockroaches
  7 goblins
  9 hobgoblins
  8 jackals
  A quokka (D:4)
  5 ball pythons
  3 bats
  3 frilled lizards
  11 kobolds
  5 rats
799 creatures vanquished.

Vanquished Creatures (others)
  A deep elf knight (Elf:1)
  A centaur (Orc:2)
  An orc (Orc:2)
  3 bushes (D:9)
  25 fungi
  36 plants
67 creatures vanquished.

Grand Total: 866 creatures vanquished

Notes
Turn   | Place    | Note
-------+----------+-------------------------------------------
     0 | D:1      | Peloso the Minotaur Fighter began the quest for the Orb.
     0 | D:1      | Reached XP level 1. HP: 19/19 MP: 0/0
   160 | D:1      | Found a faded altar of an unknown god.
   236 | D:1      | Reached XP level 2. HP: 27/27 MP: 1/1
   436 | D:1      | Reached skill level 4 in Shields
   892 | D:2      | Reached XP level 3. HP: 33/33 MP: 2/2
  1544 | D:3      | Found a glowing golden altar of the Shining One.
  1914 | D:3      | Reached XP level 4. HP: 40/40 MP: 3/3
  2259 | D:3      | Found a sacrificial altar of Ru.
  2292 | D:5      | Entered Level 5 of the Dungeon
  2320 | D:4      | Found an opulent altar of Gozag.
  2320 | D:4      | Found a broken altar of Ashenzari.
  2320 | D:4      | Found a burning altar of Makhleb.
  2320 | D:4      | Found a shadowy altar of Dithmenos.
  2325 | D:4      | Reached XP level 5. HP: 46/46 MP: 4/4
  2953 | D:4      | Reached skill level 5 in Long Blades
  3182 | D:4      | Noticed a necrophage
  3187 | D:4      | Killed a necrophage
  3188 | D:4      | Reached skill level 5 in Armour
  3322 | D:3      | Found a stormy altar of Qazlal.
  3322 | D:3      | Found an ornate altar of the Wu Jian Council.
  3322 | D:3      | Found a radiant altar of Vehumet.
  3355 | D:4      | Found a large runed translucent door.
  3356 | D:4      | Found a large runed translucent door.
  3357 | D:4      | Noticed Ijustatesigmund's ghost (amateur GrWn)
  3381 | D:4      | Reached XP level 6. HP: 25/53 MP: 5/5
  3386 | D:4      | HP: 1/79 [poisoned by a scorpion]
  3391 | D:4      | Reached skill level 1 in Dodging
  4229 | D:5      | Found a snail-covered altar of Cheibriados.
  4363 | D:5      | Found a staircase to the Ecumenical Temple.
  4388 | Temple   | Entered the Ecumenical Temple
  4693 | D:5      | Noticed Edmund
  4704 | D:5      | Killed Edmund
  4705 | D:5      | Reached skill level 5 in Fighting
  4705 | D:5      | Reached XP level 7. HP: 25/61 MP: 6/6
  4885 | D:5      | Found an iron altar of Okawaru.
  4889 | D:5      | Became a worshipper of Warmaster Okawaru
  5774 | D:6      | Reached XP level 8. HP: 55/69 MP: 7/7
  5874 | D:6      | Reached * piety under Okawaru
  6207 | D:7      | Reached skill level 1 in Stealth
  6459 | D:7      | Found a runed translucent gate.
  6461 | D:7      | Found a runed translucent gate.
  6462 | D:7      | Found a runed translucent gate.
  6650 | D:7      | Noticed a hornet
  6657 | D:7      | Paralysed by a hornet for 2 turns
  6667 | D:7      | Killed a hornet
  6668 | D:7      | Reached skill level 5 in Shields
  7427 | D:7      | Noticed Peloso's ghost (amateur MiFi)
  7442 | D:7      | Found a glowing silver altar of Zin.
  7442 | D:7      | Found a sparkling altar of Nemelex Xobeh.
  7701 | D:8      | Identified the +0 pair of gloves of the Slimy Hot Ocelot
                  | {Str+2}
  7760 | D:8      | Reached ** piety under Okawaru
  7761 | D:8      | Reached XP level 9. HP: 57/78 MP: 8/8
  7789 | D:8      | Reached skill level 1 in Invocations
  8104 | D:8      | Noticed a boulder beetle
  8153 | D:8      | Killed a boulder beetle
  8153 | D:8      | Reached *** piety under Okawaru
  8154 | D:8      | Reached skill level 10 in Long Blades
  8305 | D:8      | Reached skill level 6 in Shields
  8437 | D:8      | Got the Tome of Air
  8486 | D:8      | Found Waleryfa's Assorted Antiques.
  9317 | D:8      | Reached skill level 10 in Armour
  9351 | D:8      | Reached XP level 10. HP: 52/88 MP: 10/10
  9828 | D:9      | Noticed a two-headed ogre
  9838 | D:9      | Killed a two-headed ogre
  9838 | D:9      | Reached **** piety under Okawaru
 10075 | D:9      | Noticed a two-headed ogre
 10083 | D:9      | Killed a two-headed ogre
 10150 | D:9      | Reached ***** piety under Okawaru
 10242 | D:9      | Found a staircase to the Lair.
 10630 | D:9      | Noticed Prince Ribbit
 10634 | D:9      | Killed Prince Ribbit
 10758 | D:9      | Reached XP level 11. HP: 80/94 MP: 11/11
 11730 | D:9      | Identified the ring "Ovoanup" {rPois Str+2 SInv}
 11915 | D:4      | Killed Ijustatesigmund's ghost
 12056 | D:10     | Entered Level 10 of the Dungeon
 12205 | D:10     | Noticed a two-headed ogre
 12210 | D:9      | Killed a two-headed ogre
 12210 | D:9      | Identified the +0 hat of the King of the Hill {Str+2
                  | Slay+2} (Okawaru gifted it to you on level 9 of the
                  | Dungeon)
 12210 | D:9      | Received a gift from Okawaru
 12223 | D:10     | Noticed Urug
 12242 | D:10     | Killed Urug
 12587 | D:10     | Reached skill level 7 in Shields
 12783 | D:10     | Found a staircase to the Orcish Mines.
 13330 | D:11     | Noticed a five-headed hydra
 13374 | Lair:1   | Entered Level 1 of the Lair of Beasts
 13625 | Lair:1   | Reached skill level 10 in Fighting
 13689 | Lair:1   | Reached skill level 8 in Shields
 14129 | Lair:1   | Reached skill level 9 in Shields
 14804 | Lair:2   | Reached ****** piety under Okawaru
 14804 | Lair:2   | Identified the +12 arbalest of Veojeclu {penet, rCorr}
                  | (Okawaru gifted it to you on level 2 of the Lair of Beasts)
 14804 | Lair:2   | Received a gift from Okawaru
 14813 | Lair:2   | Reached skill level 1 in Evocations
 14955 | Lair:2   | Reached XP level 12. HP: 107/107 MP: 12/12
 14963 | Lair:2   | Found a staircase to the Shoals.
 15032 | Lair:2   | Noticed a death yak
 15046 | Lair:2   | Killed a death yak
 16008 | Lair:3   | Noticed a catoblepas
 16017 | Lair:3   | Killed a catoblepas
 16362 | Lair:3   | Noticed an eight-headed hydra
 16503 | Orc:1    | Entered Level 1 of the Orcish Mines
 16513 | Orc:1    | Reached skill level 10 in Shields
 16742 | Orc:1    | Identified the +0 tower shield "Jid Pipu" {rPois rC+ Str+3}
                  | (Okawaru gifted it to you on level 1 of the Orcish Mines)
 16742 | Orc:1    | Received a gift from Okawaru
 16932 | Orc:1    | You fall into a shaft and drop 1 floor!
 16932 | Orc:2    | Entered Level 2 of the Orcish Mines
 18014 | Orc:1    | Reached skill level 11 in Shields
 20459 | Orc:2    | Noticed a two-headed ogre
 20467 | Orc:2    | Killed a two-headed ogre
 20468 | Orc:2    | Reached XP level 13. HP: 114/116 MP: 11/14
 20801 | Orc:1    | Reached skill level 12 in Shields
 20921 | Orc:1    | Noticed Nergalle
 20934 | Orc:1    | Killed Nergalle
 21534 | Orc:2    | Found a staircase to the Elven Halls.
 21649 | Orc:2    | Found Fuyl's Jewellery Shoppe.
 21649 | Orc:2    | Found Bufykk's Distillery.
 21651 | Orc:2    | Found Pulalis's Magic Scroll Shop.
 21653 | Orc:2    | Found Fimihops's Jewellery Emporium.
 21663 | Orc:2    | Bought a scroll of brand weapon for 300 gold pieces
 21663 | Orc:2    | Bought a scroll of magic mapping for 52 gold pieces
 21663 | Orc:2    | Bought a scroll of magic mapping for 52 gold pieces
 21663 | Orc:2    | Bought a scroll of magic mapping for 52 gold pieces
 22138 | D:11     | Noticed Sonja
 22141 | D:11     | Killed Sonja
 22231 | D:11     | Received a gift from Okawaru
 22234 | D:11     | Reached skill level 15 in Armour
 22608 | D:12     | Noticed Snorg
 22615 | D:12     | Killed Snorg
 22686 | D:12     | Reached skill level 13 in Shields
 22697 | D:12     | HP: 5/118 [acid dragon (5)]
 22730 | D:12     | Found a frozen archway.
 22738 | D:12     | Reached skill level 15 in Long Blades
 22898 | IceCv    | Entered an ice cave
 23136 | IceCv    | Identified the +2 long sword "Juukas" {vamp, Int-4 Dex+7}
                  | (Okawaru gifted it to you in an ice cave)
 23136 | IceCv    | Received a gift from Okawaru
 23523 | IceCv    | Received a gift from Okawaru
 23583 | IceCv    | Noticed a frost giant
 23604 | IceCv    | Killed a frost giant
 23804 | IceCv    | Reached skill level 14 in Shields
 23813 | IceCv    | Reached XP level 14. HP: 113/127 MP: 15/15
 23916 | IceCv    | Identified the +2 rapier "Huagecziasti" {speed, rPois rC+
                  | Int+2}
 25794 | Lair:3   | Identified a scroll of acquirement
 26405 | Lair:4   | Received a gift from Okawaru
 26472 | Lair:4   | Reached skill level 15 in Shields
 26563 | Lair:4   | Found a hole to the Spider Nest.
 27278 | Lair:6   | Entered Level 6 of the Lair of Beasts
 27347 | Lair:5   | Received a gift from Okawaru
 27758 | Lair:6   | Found a viscous altar of Jiyva.
 28270 | Lair:5   | Received a gift from Okawaru
 28783 | Lair:6   | Reached skill level 16 in Shields
 28976 | Lair:6   | Reached XP level 15. HP: 133/138 MP: 16/16
 29193 | Lair:6   | Found a staircase to the Slime Pits.
 29926 | Lair:6   | Identified the ring of Balance {+Blink MP+9 Int+4}
 30361 | Orc:2    | Bought the amulet "Qops" {RegenMP rN+ Str+3} for 522 gold
                  | pieces
 30362 | Orc:2    | Bought a potion of haste for 110 gold pieces
 30362 | Orc:2    | Bought a potion of haste for 110 gold pieces
 30362 | Orc:2    | Bought a potion of flight for 33 gold pieces
 30362 | Orc:2    | Bought a potion of invisibility for 88 gold pieces
 30362 | Orc:2    | Bought a potion of heal wounds for 55 gold pieces
 30362 | Orc:2    | Bought a potion of curing for 33 gold pieces
 30364 | Orc:2    | Bought a scroll of identify for 30 gold pieces
 30364 | Orc:2    | Bought a scroll of identify for 30 gold pieces
 30364 | Orc:2    | Bought a scroll of teleportation for 45 gold pieces
 30364 | Orc:2    | Bought a scroll of teleportation for 45 gold pieces
 30364 | Orc:2    | Bought a scroll of identify for 30 gold pieces
 30364 | Orc:2    | Bought a scroll of enchant armour for 112 gold pieces
 30364 | Orc:2    | Bought a scroll of fear for 52 gold pieces
 30503 | D:13     | Found a gate to the Vaults.
 30530 | D:13     | Found a gate leading to a gauntlet.
 30559 | Gauntlet | Entered a Gauntlet
 30559 | Gauntlet | Found a transporter.
 30563 | Gauntlet | Found a transporter.
 30565 | Gauntlet | Found a transporter.
 30581 | Gauntlet | Found a transporter.
 30583 | Gauntlet | Found a transporter.
 30597 | Gauntlet | Found a transporter.
 30607 | Gauntlet | Found the +3 pair of seven-league boots {Rampage+∞}
 30610 | Gauntlet | Found a transporter.
 30617 | Gauntlet | Found a transporter.
 30630 | Gauntlet | Found a transporter.
 30645 | Gauntlet | Found a transporter.
 30654 | Gauntlet | Found a transporter.
 30662 | Gauntlet | Found a transporter.
 30900 | Gauntlet | Found a transporter.
 30988 | Gauntlet | Identified the ring of Utoprur {Contam rElec rN+ Will+}
 31265 | Gauntlet | Identified the +1 robe of Broken Taboos {rElec rPois MP-9}
 31328 | D:13     | Reached skill level 17 in Shields
 31527 | D:13     | Found a portal to a secret trove of treasure.
 31540 | D:13     | Found Goshugre's Distillery.
 31551 | D:13     | Bought a potion of heal wounds for 85 gold pieces
 31551 | D:13     | Bought a potion of heal wounds for 85 gold pieces
 31551 | D:13     | Bought a potion of mutation for 136 gold pieces
 31551 | D:13     | Bought a potion of flight for 51 gold pieces
 31566 | D:13     | Bought a potion of might for 68 gold pieces
 31671 | D:13     | Received a gift from Okawaru
 31672 | D:13     | Reached skill level 15 in Fighting
 32076 | D:13     | You paid a toll of +4 ice dragon scales to enter a treasure
                  | trove
 32077 | Trove    | Entered a treasure trove
 32081 | Trove    | Identified the +7 morningstar of Calamity {drain, +Blink
                  | Will++ Str+4 Int-2}
 32082 | Trove    | Identified the +6 plate armour of Least Resistance {rC+
                  | SInv}
 32086 | Trove    | Identified the +1 storm dragon scales of Articulation {Harm
                  | rElec Will+ Dex+4 Slay+2}
 32176 | D:14     | Noticed Kirke
 32187 | D:14     | Killed Kirke
 32512 | D:14     | Cast into level 2 of the Abyss (a wizard)
 32917 | D:14     | Escaped the Abyss
 33510 | D:14     | Identified the +4 double sword of the Jolly Nights {venom,
                  | *Slow Str+6 Int+2} (Okawaru gifted it to you on level 14 of
                  | the Dungeon)
 33510 | D:14     | Received a gift from Okawaru
 34064 | D:15     | Entered Level 15 of the Dungeon
 34273 | D:15     | Reached XP level 16. HP: 105/150 MP: 5/17
 34511 | D:15     | Reached skill level 18 in Shields
 34675 | D:15     | Found Ogohool's Book Shoppe.
 34986 | D:15     | Received a gift from Okawaru
 35081 | D:15     | Found a staircase to the Depths.
 35822 | D:8      | Bought a scroll of identify for 64 gold pieces
 35822 | D:8      | Bought a scroll of magic mapping for 112 gold pieces
 35942 | Elf:1    | Entered Level 1 of the Elven Halls
 35992 | Elf:1    | Paralysed by an air elemental for 1 turns
 36631 | Elf:1    | Found Eveivur's Antique Weapon Shoppe.
 36875 | Elf:1    | Paralysed by an air elemental for 1 turns
 36880 | Elf:1    | Paralysed by an air elemental for 1 turns
 37457 | Elf:1    | Paralysed by an air elemental for 1 turns
 37782 | Elf:1    | Reached skill level 19 in Shields
 38146 | Elf:2    | Received a gift from Okawaru
 38250 | Elf:2    | Identified the +4 short sword of the Four Friends {vorpal,
                  | Drain rElec Dex+4}
 38275 | Elf:3    | Entered Level 3 of the Elven Halls
 38294 | Elf:2    | Found a huge runed translucent gate.
 38294 | Elf:2    | Found a huge runed translucent gate.
 38295 | Elf:2    | Found a huge runed translucent gate.
 38296 | Elf:2    | Found a huge runed translucent gate.
 38304 | Elf:2    | Found a huge runed translucent gate.
 39517 | Elf:3    | Noticed a deep elf blademaster
 39518 | Elf:3    | Received a gift from Okawaru
 39536 | Elf:2    | Killed a deep elf blademaster
 39804 | Elf:3    | Reached XP level 17. HP: 160/160 MP: 18/18
 39838 | Elf:3    | Noticed a deep elf master archer
 39846 | Elf:3    | HP: 2/161 [deep elf master archer/arrow (19)]
 40303 | Elf:3    | Killed a deep elf master archer
 40541 | Elf:3    | Noticed a deep elf blademaster
 40727 | Elf:3    | Killed a deep elf blademaster
 40835 | Elf:3    | Cast into level 3 of the Abyss (a deep elf sorcerer)
 40959 | Abyss:3  | Reached skill level 20 in Shields
 41035 | Abyss:3  | HP: 1/161 [Executioner (17)]
 41037 | Abyss:3  | Slain by an Executioner

Illustrated notes

Levels and vault maps discovered:
D:1:      minmay_arrival_radiant_lines, layout_loops_cross,
          nicolae_ecumenical_snake_handling
D:2:      layout_loops_cross, amcnicky_mini_rare_corridor_liquid
D:3:      layout_loops_cross, nicolae_overflow_hidden_temple,
          kennysheep_generic_room_4
D:4:      layout_basic, chequers_temple_overflow_statue_of_worship,
          ebering_ghost_disaster_area, kennysheep_decorative_pillar,
          dk_noncrumbling_3
D:5:      layout_rooms, lemuel_tele_altar, mainiacjoe_overflow_24_doors,
          minmay_temple_entry_sparse_star, grunt_ministairs_14, nrook_campfire,
          serial_bayou_crossing, uniq_edmund
D:6:      layout_basic, hangedman_decor_opposing, minivault_10
D:7:      layout_loops_ring, gammafunk_temple_overflow_elements,
          gammafunk_ghost_icy
D:8:      layout_gridville, serial_shops, nicolae_shop_overgrown_old_shop,
          minmay_radiant
D:9:      layout_basic, minmay_lair_entry_grove, uniq_prince_ribbit1
D:10:     layout_cave_pools, erik_orc_3, small_statue_alley_b, uniq_urug
D:11:     layout_basic, kennysheep_generic_room_6, uniq_sonja
D:12:     layout_basic, portal_ice_cave_rime, kennysheep_small_square,
          uniq_snorg
D:13:     layout_cave_pools, david_vaults_2, gauntlet_entry_generic,
          nicolae_trove_entry_isolated, serial_shops, shop
D:14:     wander_river, layout_loops_ring, minivault_27, uniq_kirke
D:15:     gammafunk_enter_depths_forms, layout_gridville, minmay_misc_feat_x,
          serial_shops, shop
Temple:   compressed_dpeg_triangle_lava_temple
Lair:1:   layout_gridlike, infiniplex_staircase_pool
Lair:2:   layout_loops_ring, elwin_shoals_entry_rooms, grunt_megastairs_3
Lair:3:   layout_gridlike, grunt_megastairs_4
Lair:4:   layout_roguey, spider_nest_entry_funnel_web
Lair:5:   layout_cave_pods, grunt_megastairs_2
Lair:6:   evilmike_catoblepas_cave, layout_gridlike, slime_altar_1, minivault_24
Orc:1:    layout_caves, nicolae_orc_lava_tube, uniq_nergalle
Orc:2:    st_orc_rangers, layout_caves
Elf:1:    layout_loops_cross, serial_shops, nicolae_lakefront_shop,
          evilmike_minifort, dk_noncrumbling_2
Elf:2:    elven_hall_of_blades_hangedman_alternative
          [nicolae_blade_entry_crossed_weapons], layout_geoelf_octagon,
          lemuel_flamethrower_1
Elf:3:    minmay_elf_hall_four_x, layout_loops_corners
Abyss:3:  base:
Lair:6

Skill      XL: |  1  2  3  4  5  6  7  8  9 10 11 12 13 14 15 16 17 |
---------------+----------------------------------------------------+-----
Shields        | 4 5 6 9 11 14 16 17 19 20 | 20.1
Armour         | 4 5 6 8 10 12 13 14 15 16 17 18 19 | 19.1
Long Blades    | 3 4 5 6 7 9 10 11 13 14 15 16 17 18 | 18.8
Fighting       | 4 5 6 7 9 10 11 12 14 15 16 17 | 17.3
Dodging        | 1 2 3 4 |  4.6
Stealth        | 1 2 |  2.8
Invocations    | 1 2 3 |  3.0
Evocations     | 1 |  1.7

Action                   |  1- 3 |  4- 6 |  7- 9 | 10-12 | 13-15 | 16-18 || total
-------------------------+-------+-------+-------+-------+-------+-------++-------
Melee: Long sword        |    96 |   132 |       |   604 |    69 |       ||   901
       Headbutt          |     6 |    20 |    49 |   155 |   368 |   135 ||   733
       Falchion          |       |    11 |   267 |    33 |       |       ||   311
       Scimitar          |       |       |       |       |   796 |       ||   796
       Demon blade       |       |       |       |       |   220 |   455 ||   675
Invok: Heroism           |       |       |     3 |     6 |     5 |     1 ||    15
Evoke: Wand              |       |       |     2 |     3 |     4 |       ||     9
  Use: Scroll            |     1 |     7 |     4 |     6 |    13 |     6 ||    37
       Potion            |     1 |     4 |     2 |     2 |     7 |     3 ||    19
Armor: Scale mail        |    50 |    61 |    15 |       |       |       ||   126
       Skin              |       |     5 |       |       |       |       ||     5
       Plate armour      |       |       |   180 |   379 |   444 |       ||  1003
       Gold dragon scale |       |       |       |       |    55 |   129 ||   184
Dodge: Dodged            |    57 |    58 |   103 |   212 |   242 |    55 ||   727
Block: Buckler           |    21 |    26 |    59 |    40 |       |       ||   146
       Tower shield      |       |       |       |   579 |  1010 |   349 ||  1938

Table legend: (Time is in decaauts)
 A = Elapsed time spent in this place.
 B = Non-inter-level travel time spent in this place.
 C = Inter-level travel time spent in this place.
 D = Time resting spent in this place.
 E = Time spent auto-exploring this place.
 F = Levels seen in this place.
 G = Mean time per level.
                   A        B        C        D        E       F      G
               +--------+--------+--------+--------+--------+-----+--------+
         Total |  40881 |  39056 |   1825 |   8986 |  21614 |  32 | 1277.5 |
       Dungeon |  19112 |  17931 |   1181 |   3055 |  11528 |  15 | 1274.1 |
        Temple |     81 |     81 |      0 |      0 |      0 |   1 |   81.0 |
          Lair |   8374 |   8040 |    334 |    472 |   5511 |   6 | 1395.7 |
  Orcish Mines |   5648 |   5464 |    184 |   3307 |   1303 |   2 | 2824.0 |
   Elven Halls |   4819 |   4694 |    125 |   1789 |   2111 |   3 | 1606.3 |
         Abyss |    528 |    528 |      0 |      0 |    243 |   2 |  264.0 |
         Trove |     65 |     65 |      0 |      0 |      0 |   1 |   65.0 |
      Ice Cave |   1470 |   1470 |      0 |    363 |    557 |   1 | 1470.0 |
      Gauntlet |    779 |    779 |      0 |      0 |    361 |   1 |  779.0 |
               +--------+--------+--------+--------+--------+-----+--------+

Top non-repeatable levels by time:
   Orc:1: 4513 daAuts
     D:9: 2824 daAuts
   Elf:2: 2082 daAuts
   Elf:1: 2035 daAuts
     D:8: 1966 daAuts
     D:4: 1730 daAuts
  Lair:1: 1670 daAuts
  Lair:5: 1631 daAuts
  Lair:2: 1588 daAuts
    D:14: 1498 daAuts
  Lair:6: 1490 daAuts
   IceCv: 1470 daAuts
     D:7: 1462 daAuts
    D:12: 1291 daAuts
    D:15: 1240 daAuts
